 Dungeon Crawl Stone Soup version 0.30.0-29-ga12c61a403 (webtiles) character file.

Game seed: 3268265995289621887

64575 Sabo the Severer (level 15, -3/122 HPs)
             Began as a Formicid Fighter on June 6, 2023.
             Was the Champion of Qazlal.
             Slain by a 13-headed hydra (9 damage)
             ... on level 3 of the Swamp on June 8, 2023.
             The game lasted 01:34:06 (16298 turns).

Sabo the Severer (Formicid Fighter)                Turns: 16298, Time: 01:34:07

Health: -3/122     AC: 24    Str: 33    XL:     15   Next: 54%
Magic:  15/15      EV: 11    Int:  6    God:    Qazlal [******]
Gold:   1019       SH: 30    Dex: 19    Spells: 14/14 levels left

rFire   + . .        n - +8 mithril axe "Arga" {speed, Will+}
rCold   . . .        B - +2 tower shield "Kaij" {Will+++ Str+5 Stlth-}
rNeg    + . .        E - +0 plate armour
rPois   .            (helmet unavailable)
rElec   .            l - +2 cloak
rCorr   .            D - +1 pair of gloves
SInv    +            (no boots)
Will    +++++        s - amulet of Ecibromn {rF+ rN+ Regen+ Int-2} Stlth
                     j - +6 ring of dexterity
HPRegen 1.20/turn    i - +5 ring of evasion
MPRegen 0.14/turn

%: repel missiles
@: mighty, grasped by roots, protected from physical damage, constricted
A: permanent stasis, dig shafts and tunnels, antennae 3, four strong arms
a: Dig, Shaft Self, Renounce Religion, Upheaval, Elemental Force, Disaster Area


You were on level 3 of the Swamp.
You worshipped Qazlal.
Qazlal was exalted by your worship.
You visited 4 branches of the dungeon, and saw 18 of its levels.

You collected 1037 gold pieces.
You spent 18 gold pieces at shops.

Inventory:

Hand Weapons
 f - a +3 shortbow
 n - the +8 mithril axe "Arga" (weapon) {speed, Will+}
   (You found it on level 3 of the Dungeon)

   Will:      It increases your willpower.
 r - the +5 sling of True Grit {heavy, rCorr}
   (You found it on level 4 of the Dungeon)

   rCorr:     It protects you from acid and corrosion.
 v - a +6 morningstar
 C - a +0 arbalest of flaming
 L - a +0 demon whip of venom
 O - the +8 flail of the Forsaken Knives {drain, Str+3 Int-3 SInv}
   (You found it on level 5 of the Lair of Beasts)

   Str:       It affects your strength (+3).
   Int:       It affects your intelligence (-3).
   SInv:      It lets you see invisible.
 S - a +5 longbow
 T - a +4 lajatang
Missiles
 a - 22 poisoned darts
Armour
 l - a +2 cloak (worn)
 B - the +2 tower shield "Kaij" (worn) {Will+++ Str+5 Stlth-}
   (You acquired it on level 7 of the Dungeon)

   Str:       It affects your strength (+5).
   Will:      It greatly increases your willpower.
   Stlth:     It makes you less stealthy.
 D - a +1 pair of gloves (worn)
 E - a +0 plate armour (worn)
 P - the +5 scale mail "Hida" {Drain *Slow +Inv SInv}
   (You found it on level 5 of the Lair of Beasts)

   SInv:      It lets you see invisible.
   +Inv:      It lets you turn invisible.
   Drain:     It drains your maximum health when unequipped.
   *Slow:     It may slow you when you take damage.
Jewellery
 i - a +5 ring of evasion (right hand)
 j - a +6 ring of dexterity (left hand)
 q - a ring of protection from cold
 s - the amulet of Ecibromn (around neck) {rF+ rN+ Regen+ Int-2}
   (You took it off a hobgoblin on level 4 of the Dungeon)

   [amulet of regeneration]

   Int:       It affects your intelligence (-2).
   rF:        It protects you from fire.
   rN:        It protects you from negative energy.
   Regen:     It increases your rate of health regeneration.
Wands
 u - a wand of paralysis (6)
 A - a wand of polymorph (18)
 H - a wand of roots (8)
 J - a wand of flame (7)
Scrolls
 b - a scroll of butterflies
 e - 2 scrolls of enchant weapon
 k - a scroll of silence
 m - 5 scrolls of magic mapping
 y - 4 scrolls of fear
 F - a scroll of poison
 I - a scroll of fog
Potions
 c - 3 potions of resistance
 g - 2 potions of heal wounds
 h - 5 potions of lignification
 o - 2 potions of mutation {unknown}
 p - a potion of brilliance {unknown}
 t - 3 potions of curing
 x - 2 potions of cancellation
 z - 4 potions of flight
 G - 2 potions of haste {unknown}
 R - 3 potions of attraction {unknown}
Miscellaneous
 M - a box of beasts
 N - a lightning rod (4/4)


   Skills:
 + Level 12.3 Fighting
 + Level 17.7 Axes
 + Level 1.4 Ranged Weapons
 + Level 11.6 Armour
 + Level 3.1 Dodging
 + Level 2.1 Stealth
 + Level 16.0 Shields


You had 14 spell levels left.
You didn't know any spells.
Your spell library contained the following spells:

 Spells                   Type           Power      Damage    Failure   Level
 Apportation              Tloc           0%         N/A       99%         1
 Beastly Appendage        Tmut           0%         N/A       99%         1
 Magic Dart               Conj           0%         1d3       99%         1
 Necrotise                Necr           0%         1d4       99%         1
 Sandblast                Erth           0%         2d4       99%         1
 Slow                     Hex            0%         N/A       99%         1
 Summon Small Mammal      Summ           0%         N/A       99%         1
 Call Imp                 Summ           0%         N/A       100%        2
 Passwall                 Tmut/Erth      0%         N/A       100%        2
 Searing Ray              Conj           0%         2d4       100%        2
 Static Discharge         Conj/Air       0%         2-2/arc   100%        2
 Wereblood                Tmut           0%         N/A       100%        2
 Confusing Touch          Hex            0%         N/A       100%        3
 Ignite Poison            Fire/Tmut/Pois 0%         N/A       100%        3
 Mephitic Cloud           Conj/Pois/Air  0%         N/A       100%        3
 Spider Form              Tmut/Pois      0%         N/A       100%        3
 Stone Arrow              Conj/Erth      0%         3d7       100%        3
 Tukima's Dance           Hex            0%         N/A       100%        3
 Vampiric Draining        Necr           0%         2d6       100%        3
 Airstrike                Air            0%         2d(0-16)  100%        4
 Animate Dead             Necr           0%         N/A       100%        4
 Fulminant Prism          Conj/Hex       0%         3d5       100%        4
 Passage of Golubria      Tloc           0%         N/A       100%        4
 Sticky Flame             Conj/Fire      0%         2d3       100%        4
 Summon Lightning Spire   Summ/Air       0%         N/A       100%        4
 Arcjolt                  Conj/Air       0%         1d10      100%        5
 Yara's Violent Unravell  Hex/Tmut       0%         3d3       100%        5
 Haunt                    Necr/Summ      0%         N/A       100%        7
 Ignition                 Fire           0%         3d3       100%        8
 Infestation              Necr           0%         N/A       100%        8
 Maxwell's Capacitive Co  Air            0%         ∞         100%        8
 Vhi's Electric Charge    Tloc/Air       Unusable   N/A       N/A         3

Dungeon Overview and Level Annotations

Branches:
Dungeon (9/15)             Temple (1/1) D:4            Lair (5/5) D:9
  Swamp (3/4) Lair:3       Spider (0/4) Lair:3        Slime (0/5) Lair:4
    Orc: D:9-12

Altars:
Cheibriados
Dithmenos
Elyvilon
Fedhas
Gozag
Hepliaklqana
Kikubaaqudgha
Makhleb
Nemelex Xobeh
Okawaru
Qazlal
Ru
Sif Muna
Trog
Uskayaw
Vehumet
Wu Jian
Xom
Yredelemnul
Zin
The Shining One
Jiyva
Lugonu

Shops:
D:7 *

Portals:
Abyss: Lair:5

Annotations:
Swamp:3 Jorgrun


Innate Abilities, Weirdness & Mutations

You cannot be hasted, slowed, berserked, paralysed or teleported.
You can dig through walls and to a lower floor.
You have a pair of large antennae on your head. (SInv)
Your four strong arms can wield two-handed weapons with a shield.


Message History

Roots burst forth from the earth!
The grasping roots grab you! The grasping roots constrict you!
* * * LOW HITPOINT WARNING * * *
You block the swamp worm's attack. You block the spriggan rider's attack.
You block the 13-headed hydra's attack.
The 13-headed hydra bites you but does no damage. x2
The 13-headed hydra barely misses you. You block the 13-headed hydra's attack.
The 13-headed hydra bites you.
* * * LOW HITPOINT WARNING * * *
You block the 13-headed hydra's attack. The 13-headed hydra bites you!
* * * LOW HITPOINT WARNING * * *
You feel more protected from physical attacks.
The 13-headed hydra bites you but does no damage.
The 13-headed hydra bites you!
* * * LOW HITPOINT WARNING * * *
The 13-headed hydra bites you but does no damage. x3
The swamp dragon barely misses you. x2; The swamp dragon closely misses you.
You feel much better. You block the spriggan rider's attack.
The swamp worm bites you!
* * * LOW HITPOINT WARNING * * *
The shambling mangrove hits the fungus!!
The fungus begins to die.
The grasping roots constrict you!
* * * LOW HITPOINT WARNING * * *
You block the spriggan rider's attack. The swamp dragon bites you.
* * * LOW HITPOINT WARNING * * *
The swamp dragon claws you but does no damage.
You block the swamp dragon's attack. The 13-headed hydra bites you.
* * * LOW HITPOINT WARNING * * *
You feel more protected from physical attacks.
The 13-headed hydra bites you but does no damage.
You block the 13-headed hydra's attack. The 13-headed hydra bites you.
* * * LOW HITPOINT WARNING * * *
The 13-headed hydra misses you.
The 13-headed hydra bites you but does no damage.
The 13-headed hydra bites you.
* * * LOW HITPOINT WARNING * * *
You feel more protected from physical attacks.
The 13-headed hydra bites you!
You die...

.~.♣♣..PP...♣♣
~~~..PP~§~P..♣
♣.....~§≈..P.♣♣
~§~.P~~≈≈≈~.P.♣
~~~.P.≈≈≈≈≈~:.♣♣
....P○○≈☼≈.....♣♣.
♣.fi§~†~./..~..
♣.PD@w~....~...
♣§..♣i†D§☼..~~~.~♣
♣ ♣♣♣..○~..§~.~.
♣.?~.~.~..~.
♣w~~...~~..$
♣.~~♣§.~~.♣♣
♣♣g.♣♣♣♣...♣ ♣~.<♣
.~~.♣ ♣♣~♣♣ ..~


You could see Jorgrun, a shambling mangrove, a 13-headed hydra, a swamp dragon,
a tyrant leech, 2 spriggan riders and a swamp worm.

Vanquished Creatures
  A tentacled monstrosity (Swamp:2)
  Rupert (Lair:5)
  2 eleionomae (Swamp:2)
  3 bunyips
  2 dire elephants (Swamp:1)
  Josephine (Lair:4)
  A shambling mangrove (Swamp:2)
  6 hydras
  A catoblepas (Lair:3)
  A boulder beetle (Lair:3)
  A two-headed ogre (D:9)
  6 alligators (Swamp:3)
  2 thrashing horrors (Lair:5)
  2 spriggans
  A deep elf knight (Swamp:1)
  2 goliath frogs
  A skyshark (Lair:5)
  Amaemon (Lair:2)
  3 spriggan druids (Swamp:2)
  5 bog bodies
  3 swamp dragons
  A lindwurm (Lair:3)
  A deep elf archer (Swamp:1)
  3 ugly things (Lair:5)
  2 will-o-the-wisps
  14 elephants
  An oklob plant (Lair:3)
  4 black mambas
  2 smoke demons (Lair:5)
  An orange demon (Lair:2)
  2 torpor snails (Lair:5)
  3 kobold demonologists (D:9)
  5 cane toads
  A rime drake (Lair:5)
  9 komodo dragons
  4 ancient zymes (Lair:5)
  5 tyrant leeches
  A polar bear (Lair:5)
  4 hornets
  21 blink frogs
  Sigmund (D:2)
  2 ynoxinuls (Lair:5)
  3 wyverns
  3 wraiths (Lair:4)
  22 yaks
  4 basilisks
  A chaos spawn (Lair:5)
  6 vampire mosquitoes (Swamp:1)
  13 swamp worms
  An acid dragon (D:9)
  8 water moccasins
  A hell hound (Swamp:1)
  A floating eye (shapeshifter) (Lair:5)
  An orc warrior (D:9)
  3 sky beasts
  6 black bears
  10 small abominations (Lair:5)
  2 ice beasts
  An ogre (D:6)
  9 wolves
  4 centaurs (D:8)
  A phantom (D:5)
  Blork the orc (D:6)
  A kobold brigand (D:9)
  14 bullfrogs
  4 scorpions
  2 gnoll sergeants
  10 wights
  3 killer bees (D:9)
  6 electric eels
  3 howler monkeys (D:9)
  A lava snake (D:9)
  2 orc priests
  2 hounds (D:5)
  3 jellies
  Jessica (D:2)
  Ijyb (D:5)
  5 iguanas
  7 orc wizards
  10 hell rats (Lair:1)
  7 adders
  8 gnolls
  9 river rats (Lair:1)
  2 shadow imps
  5 white imps
  An ufetubus (D:5)
  2 worms
  A dart slug (D:2)
  17 orcs
  8 endoplasms
  3 giant cockroaches
  7 goblins
  9 hobgoblins
  4 jackals (D:5)
  8 quokkas
  10 ball pythons
  2 bats
  A frilled lizard (D:1)
  14 kobolds
  22 rats
449 creatures vanquished.

Vanquished Creatures (others)
  3 bloated husks
  12 foxfires
15 creatures vanquished.

Grand Total: 464 creatures vanquished

Notes
Turn   | Place    | Note
-------+----------+-------------------------------------------
     0 | D:1      | Sabo the Formicid Fighter began the quest for the Orb.
     0 | D:1      | Reached XP level 1. HP: 18/18 MP: 1/1
    84 | D:1      | Reached XP level 2. HP: 24/24 MP: 2/2
   266 | D:1      | Reached XP level 3. HP: 29/29 MP: 3/3
   307 | D:1      | Found a faded altar of an unknown god.
   814 | D:2      | Reached XP level 4. HP: 30/37 MP: 4/4
   989 | D:2      | Noticed Sigmund
  1003 | D:2      | Killed Sigmund
  1004 | D:2      | Reached skill level 4 in Axes
  1004 | D:2      | Reached XP level 5. HP: 28/42 MP: 5/5
  1004 | D:2      | Reached XP level 6. HP: 32/48 MP: 6/6
  1090 | D:2      | Noticed Jessica
  1095 | D:2      | Killed Jessica
  1942 | D:3      | Found a sparkling altar of Nemelex Xobeh.
  1945 | D:3      | Found a hazy altar of Hepliaklqana.
  2000 | D:3      | Reached skill level 5 in Shields
  2147 | D:3      | Found the +8 mithril axe "Arga" {speed, Will+}
  2713 | D:4      | Identified the +5 sling of True Grit {heavy, rCorr}
  2739 | D:4      | Found a white marble altar of Elyvilon.
  2767 | D:4      | Identified the amulet of Ecibromn {rF+ rN+ Regen+ Int-2}
  2900 | D:4      | Found a staircase to the Ecumenical Temple.
  2909 | Temple   | Entered the Ecumenical Temple
  3015 | Temple   | Became a worshipper of Qazlal Stormbringer
  3092 | D:4      | Reached XP level 7. HP: 55/55 MP: 7/7
  3212 | D:5      | Entered Level 5 of the Dungeon
  3242 | D:5      | Reached skill level 5 in Axes
  3266 | D:5      | Reached skill level 5 in Armour
  3341 | D:5      | Found a bloodstained altar of Trog.
  3418 | D:5      | Found a snail-covered altar of Cheibriados.
  3470 | D:5      | Noticed Ijyb
  3474 | D:5      | Killed Ijyb
  3528 | D:5      | Reached skill level 1 in Dodging
  3531 | D:5      | Reached skill level 6 in Axes
  3531 | D:5      | Reached XP level 8. HP: 46/61 MP: 8/8
  3680 | D:5      | Reached * piety under Qazlal
  3712 | D:5      | You fall into a shaft and drop 3 floors!
  3779 | D:8      | Reached skill level 5 in Fighting
  3865 | D:7      | Reached skill level 1 in Stealth
  3905 | D:7      | Reached skill level 7 in Axes
  4022 | D:7      | Reached XP level 9. HP: 53/68 MP: 9/9
  4096 | D:6      | Reached skill level 8 in Axes
  4664 | D:6      | Found a shimmering blue altar of Sif Muna.
  4779 | D:6      | Found a radiant altar of Vehumet.
  4816 | D:6      | Found a glowing golden altar of the Shining One.
  4909 | D:6      | Noticed Blork the orc
  4913 | D:6      | Killed Blork the orc
  5088 | D:7      | Found Ikyphe's CLEARANCE SALE!.
  5104 | D:7      | Bought a potion of flight for 18 gold pieces
  5131 | D:7      | Reached skill level 9 in Axes
  5139 | D:7      | Identified a scroll of acquirement
  5140 | D:7      | Acquired the +2 tower shield "Kaij" {Will+++ Str+5 Stlth-}
  5187 | D:7      | Reached ** piety under Qazlal
  5875 | D:8      | Reached XP level 10. HP: 67/76 MP: 10/10
  6245 | D:9      | Found a staircase to the Lair.
  6252 | D:9      | Reached skill level 10 in Axes
  6557 | D:9      | Noticed a centaur warrior
  6640 | D:9      | Noticed a kobold demonologist
  6662 | D:9      | Killed a kobold demonologist
  6663 | D:9      | Reached skill level 11 in Axes
  7319 | D:9      | Reached *** piety under Qazlal
  7680 | D:9      | Noticed a two-headed ogre
  7690 | D:9      | Killed a two-headed ogre
  7941 | D:9      | Noticed a kobold demonologist
  7942 | D:9      | Noticed a kobold demonologist
  7944 | D:9      | Noticed a sixfirhy
  7950 | D:9      | Killed a kobold demonologist
  7951 | D:9      | Reached XP level 11. HP: 84/84 MP: 11/11
  8122 | Lair:1   | Entered Level 1 of the Lair of Beasts
  8390 | Lair:1   | Reached skill level 12 in Axes
  8885 | Lair:1   | Reached **** piety under Qazlal
  9084 | Lair:1   | You fall into a shaft and drop 1 floor!
  9386 | Lair:2   | Found a burning altar of Makhleb.
  9420 | Lair:2   | Noticed an elephant
  9420 | Lair:2   | Noticed an elephant
  9423 | Lair:2   | Noticed an elephant
  9424 | Lair:2   | Noticed an elephant
  9425 | Lair:2   | Noticed an elephant
  9426 | Lair:2   | Killed an elephant
  9430 | Lair:2   | Killed an elephant
  9434 | Lair:2   | Killed an elephant
  9434 | Lair:2   | Killed an elephant
  9435 | Lair:2   | Reached skill level 13 in Axes
  9435 | Lair:2   | Reached skill level 10 in Shields
  9439 | Lair:2   | Killed an elephant
  9495 | Lair:2   | Noticed an elephant
  9502 | Lair:2   | Killed an elephant
  9503 | Lair:2   | Reached XP level 12. HP: 90/93 MP: 12/12
  9617 | Lair:2   | Noticed Amaemon
  9635 | Lair:2   | Killed Amaemon
 10317 | Lair:3   | Noticed a seven-headed hydra
 10330 | Lair:3   | HP: 3/94 [14-headed hydra (10)]
 10331 | Lair:3   | Killed a 14-headed hydra
 10346 | Lair:3   | Reached skill level 14 in Axes
 10528 | Lair:3   | Found a gate leading to a gauntlet.
 10559 | Lair:3   | Noticed a catoblepas
 10567 | Lair:3   | Killed a catoblepas
 10660 | Lair:3   | Found a staircase to the Swamp.
 10753 | Lair:3   | Found a hole to the Spider Nest.
 10780 | Lair:3   | Reached ***** piety under Qazlal
 10827 | Lair:3   | Noticed a boulder beetle
 10842 | Lair:3   | Killed a boulder beetle
 10843 | Lair:3   | Reached XP level 13. HP: 101/101 MP: 13/13
 11566 | Lair:4   | Found a staircase to the Slime Pits.
 11567 | Lair:4   | Found a viscous altar of Jiyva.
 11591 | Lair:4   | Noticed Josephine
 11604 | Lair:4   | Killed Josephine
 11677 | Lair:4   | Reached skill level 15 in Axes
 12013 | Lair:5   | Entered Level 5 of the Lair of Beasts
 12029 | Lair:5   | Reached skill level 10 in Armour
 12167 | Lair:5   | Reached skill level 10 in Fighting
 12264 | Lair:5   | Reached skill level 16 in Axes
 12335 | Lair:5   | Reached XP level 14. HP: 111/111 MP: 14/14
 12674 | Lair:5   | Found a corrupted altar of Lugonu.
 12674 | Lair:5   | Found a one-way gate to the infinite horrors of the Abyss.
 12691 | Lair:5   | Identified the +8 flail of the Forsaken Knives {drain,
                  | Str+3 Int-3 SInv}
 12888 | Lair:5   | Identified the +5 scale mail "Hida" {Drain *Slow +Inv SInv}
 13064 | Lair:5   | Noticed Rupert
 13090 | Lair:5   | Killed Rupert
 14611 | Swamp:1  | Entered Level 1 of the Swamp
 14662 | Swamp:1  | Noticed a bunyip
 14673 | Swamp:1  | Killed a bunyip
 14674 | Swamp:1  | Reached skill level 1 in Ranged Weapons
 14747 | Swamp:1  | Found a stormy altar of Qazlal.
 15037 | Swamp:1  | Reached ****** piety under Qazlal
 15146 | Swamp:1  | Reached skill level 17 in Axes
 15237 | Swamp:1  | Noticed a dire elephant
 15238 | Swamp:1  | Noticed a dire elephant
 15253 | Swamp:1  | Killed a dire elephant
 15258 | Swamp:1  | Killed a dire elephant
 15566 | Swamp:2  | Noticed a bunyip
 15572 | Swamp:2  | Noticed an eleionoma
 15573 | Swamp:2  | Noticed a bunyip
 15575 | Swamp:2  | Killed a bunyip
 15580 | Swamp:2  | Killed an eleionoma
 15593 | Swamp:2  | Reached skill level 15 in Shields
 15593 | Swamp:2  | Noticed an eleionoma
 15602 | Swamp:1  | Killed a bunyip
 15603 | Swamp:1  | Reached XP level 15. HP: 84/120 MP: 15/15
 15910 | Swamp:2  | Noticed a tentacled monstrosity
 15929 | Swamp:2  | Killed a tentacled monstrosity
 16297 | Swamp:3  | Noticed Jorgrun
 16298 | Swamp:3  | HP: 6/122 [13-headed hydra (2)]
 16298 | Swamp:3  | Slain by a 13-headed hydra

Illustrated notes

Levels and vault maps discovered:
D:1:      evilmike_arrival_hilbert_curve, layout_basic,
          shapermc_ecumenical_altar_flowoftime, minmay_pentomino_u4
D:2:      layout_loops_corners, uniq_jessica, uniq_sigmund
D:3:      layout_loops_ring, chequers_temple_overflow_statue_of_worship,
          kennysheep_generic_room_14
D:4:      layout_rooms, elyvilon_altar_5, minmay_temple_entry_antechambers
D:5:      layout_basic, mainiacjoe_overflow_alcove_1,
          mainiacjoe_overflow_boulevard, minivault_23, uniq_ijyb
D:6:      layout_rooms, mainiacjoe_overflow_catwalk, mainiacjoe_overflow_swirl,
          uniq_blork_the_orc
D:7:      layout_cave_pools, minmay_misc_feat_diagonals, nicolae_shop_clearance
D:8:      layout_basic, nrook_mini_vaults
D:9:      layout_layer_cave, due_lair_maze_entry_diamond,
          kennysheep_big_empty_room, glass_columns_b, kennysheep_island_fort
Temple:   nicolae_temple_god_jail
Lair:1:   lemuel_ratsnest, layout_regular_city, serial_bayou_shore_b,
          serial_bayou_shore_b
Lair:2:   layout_regular_city, basic_altar, uniq_amaemon
Lair:3:   layout_long_grid, nicolae_swamp_entry_splash_gauntlet,
          spider_nest_entry_web_field, gauntlet_entry_generic,
          serial_bayou_ford_a, guppyfry_lair_drakes
Lair:4:   layout_big_grid, slime_entry_1, grunt_megastairs_3,
          serial_bayou_shore_a, uniq_josephine
Lair:5:   hellmonk_lair_end_abyssal_woods, layout_gridlike, uniq_rupert
Swamp:1:  layout_basic_swamp, nicolae_swamp_godswood, swamp_pool1,
          beargit_elvish_explorers
Swamp:2:  layout_basic_swamp, nicolae_swamp_dense_foliage, swamp_pool2
Swamp:3:  layout_falls_marsh, nicolae_swamp_fairy_circle, uniq_jorgrun

Skill      XL: |  1  2  3  4  5  6  7  8  9 10 11 12 13 14 15 |
---------------+----------------------------------------------+-----
Fighting       | 4 5 6 7 8 9 10 11 12 | 12.3
Axes           | 4 6 7 9 11 13 14 16 17 | 17.7
Armour         | 4 5 6 7 8 9 10 11 | 11.6
Shields        | 5 6 9 10 12 13 15 16 | 16.0
Dodging        | 1 2 3 |  3.1
Stealth        | 1 2 |  2.1
Ranged Weapons | 1 |  1.4

Action                     |  1- 3 |  4- 6 |  7- 9 | 10-12 | 13-15 || total
---------------------------+-------+-------+-------+-------+-------++-------
  Melee: War axe           |    96 |    69 |       |       |       ||   165
         Broad axe         |       |    30 |   162 |   324 |   501 ||  1017
   Fire: Sling             |       |       |       |       |    15 ||    15
    Use: Scroll            |     1 |     4 |    10 |     2 |     8 ||    25
         Potion            |       |       |       |     4 |     4 ||     8
 Armour: Scale mail        |    39 |    33 |    40 |       |       ||   112
         Plate armour      |       |       |     9 |    85 |   167 ||   261
  Dodge: Dodged            |    40 |    32 |    43 |    45 |   132 ||   292
         Repelled          |       |       |       |       |     2 ||     2
  Block: Buckler           |    20 |    35 |    39 |       |       ||    94
         Tower shield      |       |       |    67 |   373 |   642 ||  1082
